Map: 16-Bit LE

Players

Clem - Winner!

  • Race: Terran Terran
  • Spawn Location: 7:00

Majestic

  • Race: Protoss Protoss
  • Spawn Location: 1:00

Event: WCS Valencia 2018

VOD

Have the link to the VOD?

Description

Time

  • Played on: July 12, 2018, 6:48 a.m.
  • Length: 9:17

All games in this series

Show
View Real Time Build Order
Export as new Build Order

Clem Terran - Winner!

Build Orders: MMM Bio 

Get SALT Encoding   

  12  0:01  SCV  
  13  0:13  SCV  
  14  0:17  Supply Depot  
  14  0:25  SCV  
  15  0:32  Refinery  
  15  0:39  SCV  
  16  0:45  Barracks  
  16  0:51  SCV  
  17  1:03  SCV  
  18  1:17  SCV  
  20  1:33  Reaper, Orbital Command  
  20  1:46  Command Center  
  20  1:58  Factory  
  20  2:01  SCV  
  21  2:10  Barracks Reactor  
  21  2:13  Supply Depot  
  21  2:18  SCV  
  22  2:26  Refinery  
  22  2:30  SCV  
  22  2:42  SCV  
  23  2:47  Marine x2  
  23  2:49  Starport  
  25  2:54  Widow Mine, SCV  
  28  3:01  Orbital Command  
  28  3:06  SCV  
  29  3:15  Cyclone  
  29  3:17  Marine  
  29  3:18  SCV  
  34  3:21  Marine  
  34  3:25  Starport Tech Lab  
  36  3:27  SCV  
  36  3:31  SCV  
  37  3:36  Supply Depot  
  37  3:39  SCV  
  38  3:47  SCV  
  38  3:51  SCV  
  38  3:52  Raven  
  38  3:55  Supply Depot  
  41  3:56  Marine x2  
  41  3:57  Factory Tech Lab  
  41  3:59  SCV  
  44  4:03  SCV  
  45  4:11  SCV  
  45  4:15  SCV  
  47  4:17  Command Center  
  47  4:23  Marine x2  
  49  4:25  Siege Tank  
  49  4:27  SCV  
  49  4:28  SCV  
  54  4:38  Barracks  
  54  4:39  Barracks  
  54  4:41  SCV  
  54  4:43  SCV  
  56  4:47  Marine x2  
  56  4:49  Starport Tech Lab  
  56  4:51  Starport Reactor  
  58  4:53  SCV  
  58  4:54  Supply Depot  
  58  4:55  SCV  
  60  5:03  Engineering Bay  
  60  5:04  Engineering Bay  
  60  5:05  SCV  
  60  5:06  Marine  
  62  5:11  Supply Depot  
  62  5:15  Refinery  
  62  5:16  SCV  
  62  5:18  SCV, Refinery  
  62  5:21  Factory Reactor, Marine  
  64  5:23  Marine  
  64  5:26  Supply Depot  
  64  5:28  Stimpack, SCV  
  67  5:30  Marine  
  67  5:33  Combat Shields  
  67  5:34  Marine  
  69  5:41  Marine  
  69  5:42  SCV x2  
  70  5:48  Terran Infantry Weapons Level 1  
  70  5:49  Marauder  
  72  5:50  Orbital Command  
  72  5:56  Terran Infantry Armor Level 1  
  72  5:58  Widow Mine x2  
  72  6:00  Marine x2  
  72  6:02  SCV  
  78  6:05  Marauder  
  78  6:10  Medivac  
  82  6:16  Marauder  
  82  6:17  SCV  
  85  6:21  Orbital Command  
  85  6:24  Marine x2  
  85  6:27  SCV, Marauder  
  85  6:29  SCV  
  88  6:36  Widow Mine x2, Supply Depot  
  88  6:38  Medivac, Marauder  
  88  6:39  SCV  
  97  6:44  Supply Depot, Marine  
  97  6:45  Marine  
  99  6:47  SCV  
  99  6:48  SCV  
  99  6:52  Concussive Shells  
  101  6:57  Medivac  
  101  6:58  Widow Mine, Marauder  
  107  7:02  Marine  
  107  7:03  Missile Turret  
  107  7:06  Marauder  
  110  7:12  SCV, Medivac  
  113  7:15  SCV  
  113  7:16  SCV  
  113  7:18  Marine  
  116  7:26  Supply Depot  
  116  7:27  Barracks  
  116  7:30  SCV  
  116  7:31  Barracks  
  117  7:42  Widow Mine, SCV, Medivac, Marine, Marauder  
  117  7:43  Refinery  
  125  7:45  Refinery  
  125  7:46  Liberator  
  125  7:47  SCV x2, Marine  
  125  7:48  Widow Mine, Marauder  
  125  7:49  Supply Depot  
  132  7:54  SCV  
  131  7:59  SCV, Marine  
  131  8:02  Liberator  
  131  8:04  Marauder  
  131  8:05  Marine  
  131  8:06  Widow Mine  
  131  8:09  Marauder  
  131  8:11  SCV  
  132  8:17  Marine  
  136  8:20  Barracks Tech Lab, Barracks Reactor  
  136  8:21  SCV  
  136  8:23  Marine  
  136  8:25  Marine  
  131  8:30  SCV x2  
  131  8:31  Starport  
  131  8:33  SCV, Marauder  
  131  8:34  Armory  
  134  8:35  Marine  
  134  8:36  Factory Tech Lab  
  135  8:42  Fusion Core  
  135  8:43  Marine  
  135  8:46  Supply Depot  
  135  8:47  Supply Depot, Marauder  
Show
View Real Time Build Order
Export as new Build Order

Majestic Protoss 

Build Orders: 1 Gate Expand, Blink Stalkers 

Get SALT Encoding   

  12  0:00  Probe  
  13  0:12  Probe  
  14  0:18  Pylon  
  14  0:23  Probe  
  15  0:32  Probe  
  15  0:37  Gateway  
  15  0:40  Probe  
  16  0:47  Assimilator  
  17  0:51  Probe  
  18  0:59  Probe  
  19  1:07  Probe  
  20  1:25  Nexus  
  20  1:34  Cybernetics Core  
  20  1:37  Probe  
  21  1:44  Assimilator  
  21  1:49  Probe  
  22  1:55  Pylon  
  22  2:01  Probe  
  22  2:04  Adept  
  23  2:12  Warp Gate  
  23  2:13  Probe  
  26  2:23  Twilight Council  
  26  2:26  Probe  
  27  2:33  Stalker  
  27  2:36  Probe  
  29  2:38  Probe  
  29  2:43  Blink  
  31  2:44  Probe  
  31  2:50  Probe  
  33  2:54  Probe  
  34  3:03  Probe x2  
  35  3:11  Probe  
  36  3:14  Stalker  
  36  3:15  Probe  
  40  3:21  Probe  
  41  3:27  Probe  
  41  3:28  Gateway  
  41  3:31  Gateway  
  41  3:34  Probe  
  43  3:39  Probe  
  44  3:43  Pylon  
  44  3:46  Probe  
  45  3:51  Probe  
  45  3:52  Pylon  
  46  3:57  Gateway  
  46  4:01  Probe  
  47  4:03  Probe  
  48  4:13  Probe  
  48  4:16  Probe  
  50  4:20  Stalker  
  50  4:21  Pylon  
  50  4:22  Nexus  
  52  4:27  Pylon  
  52  4:31  Stalker  
  52  4:34  Stalker  
  52  4:36  Pylon  
  56  4:42  Probe x2  
  58  4:46  Charge  
  58  4:50  Stalker  
  60  4:53  Stalker  
  60  4:56  Pylon  
  60  4:58  Stalker  
  64  5:02  Stalker  
  66  5:10  Protoss Ground Weapons Level 1  
  66  5:11  Forge  
  66  5:12  Forge  
  66  5:13  Probe x2  
  68  5:15  Protoss Ground Armor Level 1  
  68  5:19  Stalker  
  68  5:21  Stalker  
  72  5:25  Probe  
  72  5:26  Probe  
  74  5:34  Assimilator, Probe  
  75  5:37  Probe  
  75  5:38  Probe  
  75  5:39  Sentry  
  77  5:46  Probe  
  77  5:49  Probe  
  78  5:51  Probe  
  78  5:55  Zealot x2, Stalker  
  84  5:58  Probe  
  84  6:01  Probe  
  86  6:06  Pylon  
  86  6:08  Pylon  
  86  6:09  Gateway  
  86  6:11  Gateway  
  86  6:22  Gateway  
  86  6:30  Zealot x2  
  86  6:31  Zealot x2  
  92  6:35  Gateway  
  92  6:36  Gateway  
  92  6:38  Gateway  
  92  6:45  Protoss Ground Weapons Level 2  
  93  6:57  Stalker x4  
  93  7:01  Pylon  
  100  7:02  Pylon  
  100  7:04  Pylon  
  100  7:21  Robotics Facility, Pylon  
  100  7:26  Zealot  
  100  7:27  Zealot x3  
  108  7:34  Pylon  
  108  7:40  Zealot x3, Stalker  
  108  7:41  Zealot  
  118  7:44  Gateway  
  118  7:52  Zealot x4  
  118  7:53  Zealot  
  128  8:02  Observer  
  116  8:07  Zealot x2  
  116  8:08  Zealot x3  
  119  8:15  Zealot x4  
  119  8:16  Zealot  
  125  8:20  Warp Prism  
  115  8:28  Zealot  
  115  8:29  Zealot  
  115  8:33  Pylon  
  119  8:40  Pylon  
  119  8:44  Pylon x2  
  119  8:46  Pylon  
  119  8:48  Dark Shrine  
  117  9:02  Stalker x3  
  123  9:09  Zealot, Stalker x2  
Tags
 
Add a new tag
Caveats
  • Supply blocks, unpowered buildings, or Contaminate may cause inaccurate times.
  • Supply counts are checked every 10 seconds.